 Dungeon Crawl Stone Soup version 0.31.0-12-g77e489cdc1 (webtiles) character file.

Game seed: 2553466481332133562

10262 Doomgape the Basher (level 11, -1/64 HPs)
             Began as a Gargoyle Fighter on Mar 4, 2024.
             Was a Priest of Hepliaklqana.
             Slain by a red devil
             ... wielding a +0 trident
              (8 damage)
             ... on level 10 of the Dungeon.
             The game lasted 00:33:22 (9678 turns).

Doomgape the Basher (Gargoyle Fighter)              Turns: 9678, Time: 00:33:23

Health: -1/64      AC: 25    Str: 24    XL:     11   Next: 59%
Magic:  0/14       EV:  7    Int: 12    God:    Hepliaklqana [***...]
Gold:   681        SH:  6    Dex:  9    Spells: 10/10 levels left

rFire   + + +        t - +3 whip (flame)
rCold   . . .        c - +0 buckler
rNeg    + + .        B - +0 plate armour
rPois   ∞            (no helmet)
rElec   +            (no cloak)
rCorr   .            o - +2 pair of gloves of Ririt {rF+++ Regen+ SInv}
SInv    +            (no boots)
Will    .....        e - amulet of Zueneng {Spirit Int+3} Stlth
                     H - ring of positive energy
HPRegen 1.10/turn    (no ring)
MPRegen 0.14/turn

%: guardian spirit
@: weakened, spiked, studying Maces & Flails
A: reduced essence, sickness immunity, AC +8, negative energy resistance 1,
electricity resistance, torment resistance 1, petrification resistance
a: Renounce Religion, Ancestor Life: Knight, Ancestor Life: Battlemage, Ancestor
Life: Hexer, Recall Ancestor, Ancestor Identity, Transference


You were on level 10 of the Dungeon.
You worshipped Hepliaklqana.
Hepliaklqana was most pleased with you.
You visited 2 branches of the dungeon, and saw 11 of its levels.
You also visited: Ossuary.

You collected 681 gold pieces.

Inventory:

Hand Weapons
 t - a +3 whip of flaming (weapon)
 E - a +2 flail of freezing
 G - a +0 heavy morningstar
 I - a +2 demon trident of flaming
Armour
 c - a +0 buckler (worn)
 o - the +2 pair of gloves of Ririt (worn) {rF+++ Regen+ SInv}
   (You found it on level 3 of the Dungeon)

   rF+++:     It renders you almost immune to fire.
   SInv:      It lets you see invisible.
   Regen+:    It increases your rate of health regeneration.
 u - the +1 pair of gloves of Aguerir {rElec rCorr Dex+2}
   (You found it on level 6 of the Dungeon)

   Dex+2:     It affects your dexterity (+2).
   rElec:     It insulates you from electricity.
   rCorr:     It protects you from acid and corrosion.
 B - a +0 plate armour (worn)
Jewellery
 e - the amulet of Zueneng (around neck) {Spirit Int+3}
   (You acquired it on level 2 of the Dungeon)

   [amulet of guardian spirit]

   Spirit:    It causes incoming damage to be divided between your reserves of
   health and magic.
   Int+3:     It affects your intelligence (+3).
 l - a ring of flight
 H - a ring of positive energy (left hand)
Wands
 n - a wand of charming (11)
Scrolls
 b - 6 scrolls of teleportation
 f - 4 scrolls of identify
 g - 2 scrolls of noise
 h - a scroll of enchant weapon
 j - a scroll of fear
 k - 4 scrolls of fog
 q - 2 scrolls of vulnerability
 y - 2 scrolls of summoning {unknown}
 A - a scroll of amnesia {unknown}
Potions
 a - 2 potions of invisibility
 d - a potion of might
 i - 4 potions of curing
 m - a potion of resistance {unknown}
 p - 2 potions of cancellation {unknown}
 r - a potion of enlightenment {unknown}
 v - 2 potions of mutation
 w - 2 potions of haste
 x - a potion of attraction
 z - a potion of heal wounds
 C - a potion of lignification
 D - a potion of magic {unknown}
 F - a potion of brilliance


   Skills:
 - Level 10.0 Fighting
 + Level 10.5 Maces & Flails
 - Level 10.0 Armour
 + Level 9.6 Shields
 + Level 4.5 Invocations


You had 10 spell levels left.
You didn't know any spells.
Your spell library contained the following spells:

 Spells                   Type           Power      Damage    Failure   Level
 Slow                     Hex            0%         N/A       99%         1
 Blink                    Tloc           0%         N/A       100%        2
 Lesser Beckoning         Tloc           0%         N/A       100%        2
 Momentum Strike          Conj/Tloc      0%         3d8       100%        2
 Confusing Touch          Hex            0%         N/A       100%        3
 Gell's Gravitas          Tloc           0%         N/A       100%        3
 Sigil of Binding         Hex            0%         N/A       100%        3
 Teleport Other           Tloc           0%         N/A       100%        3
 Vampiric Draining        Necr           0%         2d6       100%        3


Dungeon Overview and Level Annotations

Branches:
Dungeon (10/15)            Temple (1/1) D:6            Lair (0/5) D:8
Ossuary (visited)
    Orc: D:9-12

Altars:
Ashenzari
Cheibriados
Dithmenos
Elyvilon
Fedhas
Gozag
Hepliaklqana
Kikubaaqudgha
Makhleb
Nemelex Xobeh
Qazlal
Ru
Sif Muna
Trog
Uskayaw
Vehumet
Wu Jian
Xom
Yredelemnul
Zin
The Shining One

Shops:
D:7 *


Innate Abilities, Weirdness & Mutations

Your life essence is reduced to manifest your ancestor. (-10% HP)
You are immune to sickness and miasma.
Your stone body is resilient. (AC +8)
You are immune to poison.
You resist negative energy. (rN+)
You are resistant to electric shocks. (rElec)
You are resistant to unholy torment.
You are immune to petrification.


Message History

The red devil is moderately wounded.
The red devil hits you with a +0 trident.
Barbed spikes become lodged in your body.
Anna hits the orange demon.
Unknown command.
You barely miss the red devil.
The red devil is moderately wounded.
The orange demon stings you. The orange demon hits you.
You block the red devil's attack.
Anna hits the orange demon.
You hit the red devil.
The red devil is heavily wounded.
Unknown command.
You hit the red devil but do no damage.
The red devil is heavily wounded.
You block the orange demon's attack. The orange demon barely misses you.
The red devil hits you with a +0 trident.
Barbed spikes become lodged in your body.
Anna barely misses the orange demon.
Unknown command.
You hit the red devil.
The red devil is severely wounded.
The orange demon stings you!
* * * LOW HITPOINT WARNING * * *
The orange demon closely misses you.
You hit the red devil.
The red devil is severely wounded.
The red devil hits you with a +0 trident!
* * * LOW HITPOINT WARNING * * *
Barbed spikes become lodged in your body.
Anna hits the orange demon.
Unknown command.
You hit the red devil but do no damage.
The red devil is severely wounded.
The orange demon stings you.
* * * LOW HITPOINT WARNING * * *
The orange demon hits you.
* * * LOW HITPOINT WARNING * * *
You feel as though you will be weak longer.
The red devil hits you with a +0 trident!
You die...

###...## ######.####
##...#### #.# #.......#
###.# #.......# #...#
#.......# #####'#####
#.......### #.........#
..........###.........#
.#.#.#.R#...#.4.......#
........###.#@4.......#
#.#.#.#.# #.'.R.......#
.........#####)).......#
#.#.#.#.#.# #.........+
...........##
#.........#
#.#.#.#.#.#.#
#####+#####
............##
.#.#.#.#.#.#.#
.............##


You could see the friendly Anna the ancestor, an orange demon (ally target) and
a red devil.

Vanquished Creatures
  A two-headed ogre (D:10)
  A boulder beetle (D:10)
  Pikel (D:4)
  3 meliai
  4 orange demons (D:10)
  A rime drake (D:8)
  A troll (D:9)
  2 red devils (D:10)
  A polar bear (D:7)
  A hornet (D:9)
  Prince Ribbit (D:8)
  Sigmund (D:2)
  A wyvern (D:9)
  A vampire (D:9)
  3 yaks (D:9)
  2 steam dragons (D:6)
  A water moccasin (D:8)
  4 orc warriors
  A sky beast (D:7)
  5 ice beasts (D:7)
  A black bear (D:6)
  An ogre (D:6)
  2 wolves
  A centaur (D:10)
  2 phantoms
  2 bullfrogs
  2 scorpions
  8 wights
  A burial acolyte (D:7)
  A killer bee (D:8)
  3 howler monkeys
  A bombardier beetle (D:6)
  2 jellies (D:5)
  A centaur zombie (Ossuary)
  4 hounds
  4 orc priests
  Ijyb (D:4)
  Natasha (twice) (D:4)
  2 iguanas
  3 orc wizards
  3 ogre zombies (Ossuary)
  2 hound zombies (D:7)
  8 mummies
  11 adders
  4 gnolls (D:3)
  2 shadow imps (D:7)
  A white imp (D:7)
  2 ufetubi (D:5)
  7 adder zombies
  A dart slug (D:2)
  2 ribbon worms (D:3)
  16 orcs
  10 ball pythons
  3 bats
  7 endoplasms
  A giant cockroach (D:3)
  7 goblins
  6 hobgoblins
  3 jackals (D:3)
  7 kobolds
  2 quokkas
  2 frilled lizards
  4 gnoll zombies
  3 goblin zombies (Ossuary)
  5 hobgoblin zombies
  5 kobold zombies
  3 quokka zombies (Ossuary)
  7 rats
  5 rat zombies (Ossuary)
219 creatures vanquished.

Vanquished Creatures (collateral kills)
  A polar bear (D:8)
  A kobold brigand (D:8)
  A bullfrog (D:9)
  A wight (D:8)
  A jelly (D:7)
  An orc wizard (D:7)
  A shadow imp (D:8)
  2 orcs
  A kobold (D:8)
10 creatures vanquished.

Vanquished Creatures (others)
  5 ancestors
5 creatures vanquished.

Grand Total: 234 creatures vanquished

Notes
Turn   | Place    | Note
-------+----------+-------------------------------------------
     0 | D:1      | Doomgape the Gargoyle Fighter began the quest for the Orb.
     0 | D:1      | Reached XP level 1. HP: 14/14 MP: 1/1
   236 | D:1      | Reached XP level 2. HP: 19/19 MP: 2/2
  1223 | D:2      | Reached XP level 3. HP: 22/23 MP: 3/3
  1384 | D:2      | Identified a scroll of acquirement
  1384 | D:2      | Acquired the amulet of Zueneng {Spirit Int+3}
  1963 | D:2      | Noticed Sigmund
  2008 | D:2      | Killed Sigmund
  2009 | D:2      | Reached XP level 4. HP: 6/30 MP: 1/4
  2009 | D:2      | Reached XP level 5. HP: 7/34 MP: 1/5
  2305 | D:3      | Reached XP level 6. HP: 39/39 MP: 6/6
  2438 | D:3      | Identified the +2 pair of gloves of Ririt {rF+++ Regen+
                  | SInv}
  3281 | D:4      | Found a sacrificial altar of Ru.
  3372 | D:4      | Noticed Ijyb
  3390 | D:4      | Killed Ijyb
  3549 | D:4      | Reached skill level 5 in Shields
  3560 | D:4      | Noticed Natasha
  3560 | D:4      | Noticed Pikel
  3587 | D:4      | Killed Pikel
  3588 | D:4      | Reached skill level 5 in Fighting
  3588 | D:4      | Reached skill level 5 in Armour
  3588 | D:4      | Reached XP level 7. HP: 42/45 MP: 5/7
  3596 | D:4      | Killed Natasha
  3597 | D:4      | Reached XP level 8. HP: 49/51 MP: 5/8
  3745 | D:4      | Found a sand-covered staircase.
  3757 | Ossuary  | Entered an ossuary
  3989 | Ossuary  | Reached skill level 5 in Maces & Flails
  4584 | D:4      | Noticed Natasha
  4592 | D:4      | Killed Natasha
  4637 | D:5      | Entered Level 5 of the Dungeon
  4762 | D:5      | Found a shimmering altar of Xom.
  5180 | D:6      | Found a staircase to the Ecumenical Temple.
  5186 | Temple   | Entered the Ecumenical Temple
  5190 | Temple   | Became a worshipper of Hepliaklqana the Forgotten
  5233 | D:6      | Reached XP level 9. HP: 56/56 MP: 7/9
  5380 | D:6      | Identified the +1 pair of gloves of Aguerir {rElec rCorr
                  | Dex+2}
  5530 | D:6      | Found a blossoming altar of Fedhas.
  5744 | D:7      | Found Jume's CLEARANCE SALE!.
  5845 | D:7      | Found an ancient bone altar of Kikubaaqudgha.
  6305 | D:7      | Reached * piety under Hepliaklqana
  6404 | D:7      | Found a shadowy altar of Dithmenos.
  6404 | D:7      | Found a basalt altar of Yredelemnul.
  6405 | D:7      | Found a burning altar of Makhleb.
  6779 | D:7      | Found a snail-covered altar of Cheibriados.
  7157 | D:8      | Reached ** piety under Hepliaklqana
  7312 | D:8      | Noticed a polar bear
  7313 | D:8      | Noticed a polar bear
  7359 | D:7      | Reached XP level 10. HP: 55/57 MP: 7/10
  7508 | D:8      | Identified the +3 hand axe of Experimentation {heavy, rPois
                  | rF+ Dex-3}
  7603 | D:8      | Found a staircase to the Lair.
  7632 | D:8      | Noticed Prince Ribbit
  7684 | D:8      | Killed Prince Ribbit
  7849 | D:8      | Found a radiant altar of Vehumet.
  8191 | D:9      | Noticed a meliai
  8191 | D:9      | Noticed a meliai
  8191 | D:9      | Noticed a meliai
  8202 | D:8      | Killed a meliai
  8346 | D:9      | Killed a meliai
  8598 | D:9      | Killed a meliai
  8599 | D:9      | Reached skill level 10 in Fighting
  8599 | D:9      | Reached skill level 10 in Armour
  8603 | D:9      | Reached XP level 11. HP: 64/64 MP: 8/11
  8709 | D:9      | Reached skill level 1 in Invocations
  8730 | D:9      | Reached *** piety under Hepliaklqana
  8898 | D:9      | Acquired a manual of Maces & Flails
  9023 | D:10     | Entered Level 10 of the Dungeon
  9046 | D:10     | Noticed a two-headed ogre
  9060 | D:10     | Killed a two-headed ogre
  9385 | D:10     | Noticed a boulder beetle
  9444 | D:10     | Killed a boulder beetle
  9445 | D:10     | Reached skill level 10 in Maces & Flails
  9560 | D:10     | Identified the scarf of Fashroy {repulsion, -Tele rElec
                  | rN+++ Will-}
  9678 | D:10     | Slain by a red devil

Illustrated notes

Levels and vault maps discovered:
D:1:      saegor_arrival_fortress, layout_basic, chequers_serial_rivers_micro_c,
          chequers_serial_rivers_room_b
D:2:      layout_basic, serial_bayou, serial_bayou_pond_a, serial_bayou_pond_a,
          serial_bayou_pond_b, serial_bayou_pond_c, uniq_sigmund
D:3:      wad_crossroads, layout_basic
D:4:      layout_loops_ring, mainiacjoe_overflow_boulevard,
          nicolae_ossuary_entry_giza, minmay_misc_feat_secret_circle,
          dk_vineyard_3, uniq_natasha, uniq_pikel, uniq_ijyb, uniq_duvessa
D:5:      layout_rooms, lemuel_round_altar
D:6:      layout_rooms, lemuel_coloured_pillars_altar,
          minmay_temple_entry_overgrown, serial_bayou_pond_e
D:7:      layout_layer_cave, kennysheep_mini_moat,
          regret_index_kikubaaqudgha_part_by_part,
          gammafunk_temple_overflow_claw, nicolae_shop_clearance
D:8:      layout_layer_cave, mainiacjoe_overflow_surrounded_room,
          hellmonk_lair_entry_icy, kennysheep_potato, uniq_prince_ribbit1
D:9:      layout_roguey
D:10:     layout_roguey, overflow_temple_1_default, orc_0_dummy, hex_large,
          minmay_beelzebubs_servants
Temple:   nicolae_temple_hex_pool

Skill      XL: |  1  2  3  4  5  6  7  8  9 10 11 |
---------------+----------------------------------+-----
Fighting       | 4 5 6 8 10 | 10.0
Maces & Flails | 3 4 5 7 8 10 | 10.5
Armour         | 4 5 6 8 10 | 10.0
Shields        | 4 5 6 8 9 |  9.6
Invocations    | 4 |  4.5

Action                     |  1- 3 |  4- 6 |  7- 9 | 10-12 || total
---------------------------+-------+-------+-------+-------++-------
  Melee: Flail             |   127 |   174 |     8 |       ||   309
         Whip              |       |       |   443 |   376 ||   819
 Invoke: Ancestor Identity |       |       |     1 |       ||     1
  Evoke: Wand              |       |     2 |       |    12 ||    14
    Use: Scroll            |     2 |       |    13 |     2 ||    17
         Potion            |     2 |       |       |     2 ||     4
   Stab: Distracted        |       |       |       |     2 ||     2
 Armour: Scale mail        |     7 |       |       |       ||     7
         Chain mail        |    72 |   143 |   217 |       ||   432
         Plate armour      |       |       |    34 |   394 ||   428
  Dodge: Dodged            |    50 |    84 |   128 |   138 ||   400
  Block: Buckler           |    18 |    40 |    78 |   111 ||   247
